Map: Nightshade LE

Players

sOs - Winner!

  • Race: Protoss Protoss
  • Spawn Location: 5:00

ShoWTimE

  • Race: Protoss Protoss
  • Spawn Location: 11:00

Event: IEM Katowice 2020

VOD

Have the link to the VOD?

Description

Time

  • Played on: Feb. 24, 2020, 7:37 a.m.
  • Length: 10:06

All games in this series

Show
View Real Time Build Order
Export as new Build Order

sOs Protoss - Winner!

Build Orders: Phoenix Opening, Zealot Archon, Archon Drop 

Get SALT Encoding   

  12  0:00  Probe  
  13  0:12  Probe  
  14  0:17  Pylon  
  14  0:24  Probe (Chrono Boost)  
  15  0:36  Gateway  
  15  0:37  Probe (Chrono Boost)  
  16  0:43  Probe (Chrono Boost)  
  16  0:45  Assimilator  
  17  0:51  Probe  
  17  0:53  Assimilator  
  18  1:03  Probe (Chrono Boost)  
  19  1:06  Gateway  
  19  1:12  Probe (Chrono Boost)  
  19  1:17  Probe (Chrono Boost)  
  20  1:23  Cybernetics Core  
  21  1:29  Probe  
  22  1:35  Pylon  
  22  1:41  Probe  
  23  1:53  Probe  
  24  1:59  Stalker  
  24  2:00  Warp Gate  
  26  2:02  Sentry  
  26  2:05  Probe  
  29  2:12  Pylon  
  29  2:28  Stalker  
  31  2:30  Stalker  
  33  2:43  Phoenix  
  33  2:52  Nexus  
  33  3:01  Probe, Sentry  
  36  3:06  Shield Battery  
  36  3:07  Sentry  
  38  3:14  Pylon  
  38  3:24  Twilight Council  
  38  3:27  Probe (Chrono Boost)  
  39  3:36  Phoenix  
  39  3:38  Probe (Chrono Boost)  
  40  3:43  Probe (Chrono Boost)  
  41  3:54  Probe (Chrono Boost)  
  42  4:01  Robotics Facility  
  43  4:03  Probe (Chrono Boost)  
  43  4:06  Probe (Chrono Boost)  
  45  4:13  Probe (Chrono Boost)  
  45  4:14  Probe (Chrono Boost)  
  46  4:21  Probe (Chrono Boost)  
  46  4:22  Probe (Chrono Boost)  
  48  4:27  Forge  
  48  4:31  Archon  
  48  4:34  Probe (Chrono Boost), Archon  
  48  4:36  Assimilator  
  48  4:37  Probe (Chrono Boost), Assimilator  
  50  4:40  Probe (Chrono Boost)  
  50  4:44  Probe  
  52  4:48  Probe  
  55  4:54  Charge  
  55  4:56  Probe  
  55  4:57  Pylon  
  55  4:58  Protoss Ground Weapons Level 1 (Chrono Boost)  
  56  5:00  Probe, Observer  
  56  5:06  Gateway  
  56  5:08  Probe, Gateway  
  57  5:14  Gateway  
  57  5:15  Gateway  
  59  5:21  Zealot  
  59  5:22  Zealot  
  59  5:25  Warp Prism  
  63  5:31  Templar Archives  
  63  5:35  Gateway  
  63  5:38  Observer  
  63  5:40  Gateway  
  63  5:44  Pylon, Observer  
  63  5:47  Zealot  
  65  5:51  Zealot  
  65  5:55  Pylon  
  67  6:10  High Templar x4  
  75  6:14  Pylon  
  75  6:15  Archon x2  
  75  6:16  Probe  
  76  6:27  Zealot x2  
  76  6:29  Pylon  
  76  6:30  Nexus  
  80  6:33  Zealot  
  80  6:35  Zealot  
  84  6:42  Pylon, High Templar  
  84  6:43  High Templar  
  84  6:46  Zealot  
  90  6:47  Zealot  
  90  6:48  Archon  
  92  6:58  Zealot x3  
  98  7:12  High Templar x2, Zealot  
  104  7:16  Archon  
  104  7:18  Pylon  
  104  7:19  High Templar x2  
  104  7:20  Zealot  
  110  7:23  Archon  
  110  7:26  Pylon  
  110  7:43  Probe (Chrono Boost)  
  113  7:45  Probe x2 (Chrono Boost)  
  113  7:47  Zealot x6  
  125  7:52  Zealot x2  
  125  7:56  Pylon  
  130  7:58  Probe (Chrono Boost)  
  130  8:11  High Templar x2  
  130  8:12  High Templar  
  136  8:14  High Templar  
  136  8:15  Zealot x4  
  136  8:18  Archon  
  136  8:19  Archon  
  146  8:33  Probe x3  
  123  8:39  Zealot x4  
  103  8:44  Zealot x3  
  101  8:48  Zealot  
  103  9:04  High Templar x2, Zealot x2  
  103  9:05  Zealot x2  
  103  9:08  Archon  
  115  9:14  Zealot x2  
  119  9:25  Zealot x4  
  127  9:33  Zealot  
  127  9:34  Zealot x2  
  127  9:36  Zealot  
  115  9:49  Zealot x6  
  115  9:50  Zealot  
  115  9:51  Probe  
  103  9:56  Zealot  
Show
View Real Time Build Order
Export as new Build Order

ShoWTimE Protoss 

Build Orders: Phoenix Opening, Zealot Archon 

Get SALT Encoding   

  12  0:00  Probe  
  13  0:12  Probe  
  14  0:17  Pylon  
  14  0:24  Probe (Chrono Boost)  
  15  0:36  Gateway  
  15  0:37  Probe (Chrono Boost)  
  16  0:44  Probe (Chrono Boost)  
  16  0:45  Assimilator  
  17  0:51  Probe  
  17  0:53  Assimilator  
  18  1:03  Probe (Chrono Boost)  
  19  1:06  Gateway  
  19  1:13  Probe (Chrono Boost)  
  19  1:18  Probe (Chrono Boost)  
  20  1:22  Cybernetics Core  
  21  1:29  Probe  
  22  1:33  Pylon  
  22  1:41  Probe  
  23  1:53  Probe  
  24  1:57  Warp Gate (Chrono Boost)  
  24  1:59  Stalker x2  
  28  2:06  Probe  
  29  2:15  Pylon  
  29  2:30  Sentry  
  29  2:34  Sentry  
  32  2:46  Nexus  
  32  2:48  Probe  
  33  3:00  Probe, Sentry  
  33  3:04  Phoenix  
  36  3:07  Robotics Facility  
  36  3:13  Probe (Chrono Boost)  
  36  3:14  Pylon  
  37  3:25  Probe (Chrono Boost)  
  38  3:32  Probe (Chrono Boost)  
  39  3:39  Probe  
  39  3:40  Phoenix  
  40  3:42  Shield Battery  
  40  3:54  Probe (Chrono Boost)  
  42  3:56  Observer  
  42  3:57  Probe (Chrono Boost)  
  42  3:58  Forge  
  43  4:04  Stalker  
  43  4:07  Probe x2 (Chrono Boost)  
  47  4:12  Probe (Chrono Boost)  
  47  4:15  Probe  
  49  4:23  Immortal  
  49  4:24  Probe  
  54  4:28  Probe (Chrono Boost)  
  54  4:29  Assimilator  
  54  4:30  Protoss Ground Weapons Level 1 (Chrono Boost)  
  55  4:32  Assimilator  
  55  4:33  Phoenix  
  55  4:36  Probe (Chrono Boost)  
  58  4:45  Probe (Chrono Boost)  
  58  4:46  Probe (Chrono Boost)  
  58  4:47  Twilight Council  
  58  4:51  Probe (Chrono Boost)  
  58  4:52  Probe (Chrono Boost)  
  59  4:59  Gateway  
  62  5:10  Shield Battery  
  62  5:12  Phoenix  
  60  5:15  Stalker  
  62  5:22  Pylon  
  62  5:26  Charge  
  62  5:30  Templar Archives  
  62  5:31  Pylon  
  62  5:40  Gateway x2, Immortal  
  66  5:44  Probe x2, Observer  
  66  5:49  Gateway  
  68  5:50  Gateway  
  68  5:51  Phoenix  
  68  5:56  Gateway  
  68  5:58  Zealot  
  70  6:09  Pylon  
  70  6:14  High Templar x2  
  74  6:19  Archon, Pylon, Warp Prism  
  74  6:20  Protoss Ground Weapons Level 2 (Chrono Boost)  
  76  6:33  Pylon  
  76  6:35  Pylon  
  76  6:42  Nexus  
  76  6:46  High Templar x2  
  80  6:51  Pylon  
  80  6:52  Archon  
  80  6:55  Stalker  
  80  6:56  Zealot  
  80  6:58  Phoenix  
  84  7:01  Zealot  
  84  7:02  Zealot  
  86  7:10  High Templar  
  88  7:17  High Templar  
  88  7:18  Zealot x4  
  88  7:22  Archon  
  98  7:27  Zealot x2  
  102  7:42  High Templar x2  
  102  7:43  Zealot x3  
  112  7:46  Pylon  
  112  7:47  Archon  
  112  7:50  Zealot x2  
  116  7:53  Probe x2  
  118  8:01  Zealot  
  120  8:08  Pylon  
  120  8:11  High Templar x2  
  124  8:15  Archon  
  124  8:16  Zealot x2  
  124  8:18  Zealot x2  
  132  8:30  Zealot x2  
  76  8:45  High Templar x3, Zealot x3  
  83  8:48  Archon  
  83  8:50  Zealot x2  
  87  9:03  High Templar  
  87  9:04  Zealot  
  87  9:08  Archon  
  89  9:10  Zealot  
  90  9:18  Zealot x6  
  90  9:19  Observer  
  102  9:37  High Templar x2  
  106  9:41  Archon  
  106  9:42  Zealot x5  
  112  9:48  Zealot  

Tags
 
Add a new tag
Caveats
  • Supply blocks, unpowered buildings, or Contaminate may cause inaccurate times.
  • Supply counts are checked every 10 seconds.